 Dungeon Crawl Stone Soup version 0.31-a0-700-gf13585253f (webtiles) character file.

Game seed: 18168187486005684129

26 qw the Shooter (level 3, 0/21 HPs)
             Began as a Gargoyle Hunter on Sept 7, 2023.
             Slain by Sigmund
             ... wielding a +0 scythe
              (4 damage)
             ... on level 2 of the Dungeon.
             The game lasted 00:00:23 (981 turns).

qw the Shooter (Gargoyle Hunter)                     Turns: 981, Time: 00:00:24

Health: 0/21       AC:  9    Str: 14    XL:     3   Next: 8%
Magic:  3/3        EV: 10    Int:  9    God:
Gold:   120        SH:  0    Dex: 15    Spells: 2/2 levels left

rFire   . . .        Y - +0 shortbow
rCold   . . .        (shield currently unavailable)
rNeg    + . .        f - +0 ring mail
rPois   inf          (no helmet)
rElec   +            (no cloak)
rCorr   .            (no gloves)
SInv    .            g - +0 pair of boots
Will    +....        (no amulet) Stlth
                     d - ring of willpower
HPRegen 0.23/turn    (no ring)
MPRegen 0.08/turn

%: no passive effects
@: confused
A: sickness immunity, AC +3, negative energy resistance 1, electricity
resistance, torment resistance 1, petrification resistance
a: no special abilities


You were on level 2 of the Dungeon.
You visited 1 branch of the dungeon, and saw 2 of its levels.

You collected 120 gold pieces.


Innate Abilities, Weirdness & Mutations

You are immune to sickness and miasma.
Your stone body is resilient. (AC +3)
You are immune to poison.
You resist negative energy. (rN+)
You are resistant to electric shocks. (rElec)
You are resistant to unholy torment.
You are immune to petrification.


   Skills:
 - Level 2.1 Fighting
 - Level 4.9 Ranged Weapons
 + Level 0.4 Armour
 - Level 1.5 Dodging
 - Level 1.1 Stealth


You had 2 spell levels left.
You didn't know any spells.
Your spell library was empty.

Inventory:

Hand Weapons
 Y - a +0 shortbow (weapon)
Armour
 f - a +0 ring mail (worn)
 g - a +0 pair of boots (worn)
Jewellery
 d - a ring of willpower (left hand)
 h - a ring of fire
 j - an amulet of faith
Scrolls
 c - a scroll of enchant armour {unknown}
 e - a scroll of identify {unknown}
 k - a scroll of blinking {unknown}
Potions
 a - a potion of enlightenment {unknown}
 b - a potion of lignification {unknown}
 i - a potion of might {unknown}
 l - a potion of curing {unknown}

Dungeon Overview and Level Annotations

Branches:
Dungeon (2/15)

Altars:

Shops:
D:1 [:*=[

Annotations:
D:2 Sigmund


Message History

You shoot an arrow. The arrow completely misses Sigmund.
Sigmund giggles. "Time to reap what you sow."
Sigmund misses you.
You shoot an arrow. The arrow hits Sigmund.
Sigmund is lightly wounded.
Sigmund hits you from afar with a +0 scythe.
You shoot an arrow. The arrow closely misses Sigmund.
Sigmund hits you but does no damage.
You shoot an arrow. The arrow barely misses Sigmund.
Sigmund barely misses you.
You shoot an arrow.
The arrow hits Sigmund but does no damage.
Sigmund is lightly wounded.
You shoot an arrow. The arrow completely misses Sigmund.
Sigmund barely misses you.
You shoot an arrow. The arrow hits Sigmund!
Sigmund is moderately wounded.
Sigmund points at you and mumbles some strange words.
The magic dart hits you!
You shoot an arrow. The arrow closely misses Sigmund.
Sigmund closely misses you.
You shoot an arrow. The arrow hits Sigmund!
Sigmund is heavily wounded.
Sigmund hits you but does no damage.
You shoot an arrow. The arrow barely misses Sigmund.
Sigmund hits you but does no damage.
You shoot an arrow. The arrow hits Sigmund.
Sigmund is severely wounded.
Sigmund gestures at you while chanting. The magic dart hits you!
Ouch! That really hurt!
You shoot an arrow. The arrow hits Sigmund.
Sigmund is almost dead.
Sigmund casts a spell at you.
You are confused.
Sigmund hits you but does no damage. Sigmund barely misses you.
Sigmund hits you from afar with a +0 scythe.
You die...
Sigmund begins carving another notch in his scythe.

##.#..##.#..##.#..##.#.
#..#.##..#.##..#.##..#
...##....##....##....##
.##..#.##..#.##..# . #
.##.#..##.#.)# .
##....##....##....#
#.@##.#..##.# .##.#
#.##..#.##..# ##.
#.@..##....##....##
#..#.##..#.##. #. #..
#. ##. ..##. . #.#.. #
........## #..##
####....# #.... ....#
#.... ...# #.... .#.#
#.... ......


You could see Sigmund.

Vanquished Creatures
  A dart slug (D:1)
  2 endoplasms
  3 giant cockroaches (D:1)
  2 goblins (D:1)
  5 hobgoblins (D:1)
  A ball python (D:2)
  3 frilled lizards
  3 kobolds (D:1)
  2 rats (D:1)
22 creatures vanquished.

Notes
Turn   | Place    | Note
-------+----------+-------------------------------------------
     0 | D:1      | qw the Gargoyle Hunter began the quest for the Orb.
     0 | D:1      | Reached XP level 1. HP: 12/12 MP: 1/1
     0 | D:1      | 0 ||| qw: Version: 0.3-a-76-g4403597
     0 | D:1      | 0 ||| qw: Game counter: 443
     0 | D:1      | 0 ||| qw: Melee chars always use a shield: true
     0 | D:1      | 0 ||| qw: God list: Okawaru
     0 | D:1      | 0 ||| qw: Allow faded altars: false
     0 | D:1      | 0 ||| qw: Do Orc after clearing Dungeon:15 true
     0 | D:1      | 0 ||| qw: Do second Lair branch before Depths: true
     0 | D:1      | 0 ||| qw: Lair rune preference: random
     0 | D:1      | 0 ||| qw: Goals: Normal
     0 | D:1      | 0 ||| PLANNING D:1-11
    52 | D:1      | Found Wademuz's Armour Boutique.
    61 | D:1      | 61 ||| SHOPLISTING +0 pair of gloves (49 gold, have 0).
    61 | D:1      | 61 ||| SHOPLISTING +0 ring mail (44 gold, have 0).
    77 | D:1      | Reached XP level 2. HP: 17/17 MP: 2/2
   154 | D:1      | Found Miesiaf's Assorted Antiques.
   163 | D:1      | 163 ||| SHOPLISTING scroll labelled AVAUNUKHOMM (24 gold,
                  | have 18).
   163 | D:1      | 163 ||| SHOPLISTING scroll labelled CUIHUDGH RO DAE (24
                  | gold, have 18).
   163 | D:1      | 163 ||| SHOPLISTING scroll labelled IFEALE QADOE (24 gold,
                  | have 18).
   163 | D:1      | 163 ||| SHOPLISTING sedimented red potion (21 gold, have
                  | 18).
   253 | D:1      | Found Xoodooga's Vocational Training.
   407 | D:1      | Found Doasas's Jewellery Boutique.
   412 | D:1      | 412 ||| SHOPLISTING +4 ring of protection (396 gold, have
                  | 29).
   412 | D:1      | 412 ||| SHOPLISTING +6 ring of strength (396 gold, have
                  | 29).
   412 | D:1      | 412 ||| SHOPLISTING amulet "Upheph" {Spirit rElec rF+ Str-4
                  | Int+3} (537 gold, have 29).
   412 | D:1      | 412 ||| SHOPLISTING amulet of reflection (330 gold, have
                  | 29).
   412 | D:1      | 412 ||| SHOPLISTING amulet of regeneration (330 gold, have
                  | 29).
   412 | D:1      | 412 ||| SHOPLISTING ring of resist corrosion (220 gold,
                  | have 29).
   465 | D:1      | Found Zaraqot's Armour Shoppe.
   480 | D:1      | 480 ||| SHOPLISTING +0 pair of gloves (54 gold, have 49).
   590 | D:1      | Reached XP level 3. HP: 21/21 MP: 3/3
   660 | D:1      | 660 ||| UPGRADING to +0 ring mail.
   670 | D:1      | 670 ||| DROPPING +0 leather armour.
   671 | D:1      | 671 ||| UPGRADING to +0 pair of boots.
   676 | D:1      | 676 ||| UPGRADING to ring of willpower.
   677 | D:1      | 677 ||| READING scroll labelled QYJASA SUEFFOJ.
   678 | D:1      | 678 ||| DROPPING scroll of butterflies.
   965 | D:2      | Noticed Sigmund
   976 | D:2      | HP: 3/21 [Sigmund/magic dart (11)]
   981 | D:2      | Slain by Sigmund

Levels and vault maps discovered:
D:1:      dpeg_arrival_prison, layout_loops_ring, serial_shops,
          nicolae_shop_advertising_works [nicolae_subvault_shop_adworks], shop,
          nicolae_shop_gaudy_bauble, shop, minmay_misc_feat_four_crosses,
          nicolae_shop_vocational
D:2:      layout_basic, corexii_item_surrounded_by_moat, nicolae_eternal_life,
          uniq_sigmund

Action                     || total
---------------------------++-------
   Fire: Shortbow          ||    82
    Use: Scroll            ||     1
 Armour: Leather armour    ||    14
         Ring mail         ||    11
  Dodge: Dodged            ||    22

Table legend:
 A = Non-vault XP
 B = Vault XP
 C = Vault XP percentage of total XP
 D = Non-vault monster count
 E = Vault monster count
 F = Vault count percentage of total count
                 A         B        C        D         E       F
            +---------+---------+-------+---------+---------+-------
      Total |      31 |       7 |  18.4 |      18 |       4 |  18.2
            +---------+---------+-------+---------+---------+-------
        D:1 |      27 |       7 |  20.6 |      15 |       4 |  21.1
        D:2 |       4 |       0 |   0.0 |       3 |       0 |   0.0
            +---------+---------+-------+---------+---------+-------
